 Dungeon Crawl Stone Soup version 0.31-a0-261-g072fdb8a1f (webtiles) character file.

Game seed: 4282714203677804232

1151 qw the Skirmisher (level 8, -1/68 HPs)
             Began as a Minotaur Hexslinger on July 13, 2023.
             Was a Believer of Okawaru.
             Slain by a gnoll
             ... wielding a +0 spear
              (2 damage)
             ... on level 5 of the Dungeon.
             The game lasted 00:01:31 (3823 turns).

qw the Skirmisher (Minotaur Hexslinger)             Turns: 3823, Time: 00:01:31

Health: -1/68      AC: 10    Str: 12    XL:     8   Next: 15%
Magic:  4/9        EV: 14    Int: 10    God:    Okawaru [**....]
Gold:   172        SH:  0    Dex: 16    Spells: 8/9 levels left

rFire   . . .        Y - +2 orcbow
rCold   . . .        (shield currently unavailable)
rNeg    . . .        h - +0 ring mail
rPois   .            (helmet restricted)
rElec   .            d - +1 cloak
rCorr   .            i - +0 pair of gloves
SInv    .            (no boots)
Will    .....        (no amulet)
Stlth   ++           (no ring)
HPRegen 0.31/turn    (no ring)
MPRegen 0.11/turn

%: no passive effects
@: heroic
A: horns 2, retaliatory headbutt
a: Renounce Religion, Heroism


You were on level 5 of the Dungeon.
You worshipped Okawaru.
Okawaru was pleased with you.
You visited 2 branches of the dungeon, and saw 6 of its levels.

You collected 172 gold pieces.


Innate Abilities, Weirdness & Mutations

You have a pair of horns on your head.
You reflexively headbutt those who attack you in melee.


   Skills:
 - Level 5.3(10.3) Fighting
 + Level 8.3(13.3) Ranged Weapons
 - Level 2.1(7.1) Armour
 - Level 2.1(7.1) Dodging
 - Level 1.0 Spellcasting
 - Level 2.0 Hexes
 + Level 3.8 Invocations


You had 8 spell levels left.
You knew the following spells:

 Your Spells              Type           Power      Damage    Failure   Level
a - Slow                  Hex            16%        N/A       30%         1

Your spell library contained the following spells:

 Spells                   Type           Power      Damage    Failure   Level
 Inner Flame              Hex/Fire       2%         N/A       80%         3
 Portal Projectile        Hex/Tloc       4%         N/A       80%         3
 Cause Fear               Hex            2%         N/A       96%         4

Inventory:

Hand Weapons
 Y - a +2 orcbow (weapon)
Armour
 d - a +1 cloak (worn)
 h - a +0 ring mail (worn)
 i - a +0 pair of gloves (worn)
Jewellery
 l - a ring of ice
Scrolls
 g - a scroll of identify
Potions
 b - a potion of haste
 e - a potion of brilliance {unknown}
 m - a potion of cancellation {unknown}
 o - a potion of attraction {unknown}

Dungeon Overview and Level Annotations

Branches:
Dungeon (5/15)             Temple (1/1) D:4

Altars:
Ashenzari
Cheibriados
Fedhas
Gozag
Hepliaklqana
Kikubaaqudgha
Nemelex Xobeh
Okawaru
Ru
Sif Muna
Vehumet
Wu Jian
Xom
Yredelemnul
Zin
The Shining One

Shops:
D:1 !

Annotations:
D:4 2 transporters, qw's ghost, amateur MiHs


Message History

The vampire mosquito completely misses you.
You furiously retaliate!
You headbutt the vampire mosquito, but do no damage.
You shoot an arrow. The arrow misses the vampire mosquito.
The arrow hits the vampire mosquito.
The vampire mosquito is moderately damaged.
The vampire mosquito bites you.
The vampire mosquito draws strength from your injuries!
The gnoll hits you from afar with a +0 spear.
The vampire mosquito bites you.
The vampire mosquito draws strength from your injuries!
You shoot an arrow.
The arrow hits the vampire mosquito but does no damage.
The vampire mosquito is almost destroyed.
The vampire mosquito misses you. The gnoll misses you.
The vampire mosquito misses you. You furiously retaliate!
You headbutt the vampire mosquito.
You destroy the vampire mosquito!
Okawaru is honoured by your kill.
You shoot an arrow. The arrow hits the vampire mosquito!
The vampire mosquito is heavily damaged.
You feel like a meek peon again. The vampire mosquito misses you.
You furiously retaliate!
You headbutt the vampire mosquito, but do no damage.
The gnoll barely misses you.
3822 ||| INVOKING Heroism.
You gain the combat prowess of a mighty hero.
The vampire mosquito closely misses you.
You furiously retaliate!
You headbutt the vampire mosquito! The vampire mosquito misses you.
The gnoll barely misses you.
The gnoll hits you from afar with a +0 spear.
You shoot an arrow. The arrow hits the vampire mosquito.
The vampire mosquito is almost destroyed.
The vampire mosquito misses you. You furiously retaliate!
You headbutt the vampire mosquito!
You destroy the vampire mosquito!
Okawaru accepts your kill. The gnoll hits you but does no damage.
The gnoll hits you from afar with a +0 spear.
You die...

#.......##. .. #....
..##.#.#### .
#...###.#..........
##........ ......yy.
#......#.###..# g.
#........#...##g#
#.<........g.g..#
#####..).....###g####
.............###@#
.|................#
..................#
................?..
.....(..............
.....................
#######..........#####
#..........#
#..........


You could see 3 gnolls.

Vanquished Creatures
  Grinder (D:4)
  4 vampire mosquitoes (D:5)
  2 black bears (D:4)
  An ogre (D:5)
  A phantom (D:4)
  A hound (D:4)
  2 orc priests (D:3)
  An orc wizard (D:3)
  5 adders
  A white imp (D:3)
  4 worms
  3 dart slugs
  4 orcs (D:3)
  6 endoplasms
  5 giant cockroaches
  5 goblins
  2 hobgoblins
  9 jackals
  12 kobolds
  5 quokkas
  3 ball pythons
  3 bats
  2 frilled lizards
  6 rats
88 creatures vanquished.

Notes
Turn   | Place    | Note
-------+----------+-------------------------------------------
     0 | D:1      | qw the Minotaur Hexslinger began the quest for the Orb.
     0 | D:1      | Reached XP level 1. HP: 16/16 MP: 1/1
     0 | D:1      | 0 ||| qw: Version: 0.3-a-52-g30416fa
     0 | D:1      | 0 ||| qw: Game counter: 7007
     0 | D:1      | 0 ||| qw: Melee chars always use a shield: true
     0 | D:1      | 0 ||| qw: God list: Okawaru
     0 | D:1      | 0 ||| qw: Allow faded altars: false
     0 | D:1      | 0 ||| qw: Do Orc after clearing Dungeon:15 true
     0 | D:1      | 0 ||| qw: Do second Lair branch before Depths: true
     0 | D:1      | 0 ||| qw: Lair rune preference: random
     0 | D:1      | 0 ||| qw: Goals: Normal
     0 | D:1      | 0 ||| PLANNING D:1-11
   215 | D:1      | Reached skill level 3 in Ranged Weapons
   215 | D:1      | Reached XP level 2. HP: 23/23 MP: 2/2
   292 | D:1      | Found Geoniam's Distillery.
   300 | D:1      | 300 ||| SHOPLISTING 2 potions of enlightenment (130 gold,
                  | have 36).
   300 | D:1      | 300 ||| SHOPLISTING 2 potions of might (104 gold, have 36).
   300 | D:1      | 300 ||| SHOPLISTING potion of cancellation (104 gold, have
                  | 36).
   300 | D:1      | 300 ||| SHOPLISTING potion of curing (39 gold, have 36).
   300 | D:1      | 300 ||| SHOPLISTING potion of haste (130 gold, have 36).
   541 | D:1      | 541 ||| READING 2 scrolls labelled PACSATUEDD.
   542 | D:1      | 542 ||| READING scroll labelled SEXAXUVIUTZ.
   543 | D:1      | 543 ||| READING 2 scrolls labelled JOLOEDYMIANG.
   544 | D:1      | 544 ||| READING scroll labelled QOPTOYRIMOQ.
   545 | D:1      | 545 ||| READING scroll labelled FEIGUTWIKHLO.
   546 | D:1      | 546 ||| DROPPING scroll of blinking.
   547 | D:1      | 547 ||| DROPPING scroll of poison.
   616 | D:2      | Found a faded altar of an unknown god.
   631 | D:2      | 631 ||| SWAPPING to +0 orcbow.
   632 | D:2      | 632 ||| DROPPING +1 sling.
   644 | D:2      | Found a broken altar of Ashenzari.
   787 | D:2      | Reached XP level 3. HP: 29/29 MP: 3/3
  1201 | D:2      | Reached skill level 4 in Ranged Weapons
  1271 | D:2      | 1271 ||| DROPPING scarf of harm.
  1272 | D:2      | 1272 ||| UPGRADING to +0 ring mail.
  1282 | D:2      | 1282 ||| DROPPING +0 robe.
  1283 | D:2      | 1283 ||| UPGRADING to +0 pair of gloves.
  1288 | D:2      | 1288 ||| READING scroll labelled PAOGRYUKIR.
  1289 | D:2      | 1289 ||| READING scroll labelled ULARGH SESOLA.
  1290 | D:2      | 1290 ||| READING 2 scrolls labelled GEDGHE IKKESEE.
  1291 | D:2      | 1291 ||| DRINKING 2 bubbling sapphire potions.
  1292 | D:2      | 1292 ||| DRINKING 2 murky green potions.
  1302 | D:2      | 1302 ||| DROPPING potion of ambrosia.
  1303 | D:2      | 1303 ||| DROPPING scroll of amnesia.
  1349 | D:3      | 1349 ||| FLEEEEING.
  1350 | D:3      | 1350 ||| STAIRDANCE
  1367 | D:3      | Reached skill level 1 in Armour
  1452 | D:3      | 1452 ||| FLEEEEING.
  1462 | D:3      | Reached XP level 4. HP: 26/36 MP: 4/4
  1481 | D:3      | 1481 ||| FLEEEEING.
  1482 | D:3      | 1482 ||| FLEEEEING.
  1483 | D:3      | 1483 ||| FLEEEEING.
  1627 | D:3      | Found a broken altar of Ashenzari.
  1862 | D:3      | 1862 ||| Stepping ~*~*~tactically~*~*~ (outnumbered).
  1865 | D:3      | HP: 6/36 [orc priest/divine providence (13)]
  1870 | D:3      | Reached skill level 5 in Ranged Weapons
  1871 | D:3      | HP: 5/36 [orc priest/+0 short sword (1)]
  1873 | D:3      | Reached skill level 3 in Fighting
  1873 | D:3      | Reached XP level 5. HP: 7/45 MP: 5/5
  1880 | D:3      | 1880 ||| FLEEEEING.
  1881 | D:3      | 1881 ||| FLEEEEING.
  1883 | D:3      | 1883 ||| FLEEEEING.
  1884 | D:3      | 1884 ||| FLEEEEING.
  1885 | D:3      | 1885 ||| FLEEEEING.
  1886 | D:3      | 1886 ||| FLEEEEING.
  1887 | D:3      | 1887 ||| FLEEEEING.
  1888 | D:3      | 1888 ||| FLEEEEING.
  1889 | D:3      | 1889 ||| FLEEEEING.
  1890 | D:3      | 1890 ||| FLEEEEING.
  1891 | D:3      | 1891 ||| FLEEEEING.
  1892 | D:3      | 1892 ||| FLEEEEING.
  1893 | D:3      | 1893 ||| FLEEEEING.
  1894 | D:3      | 1894 ||| FLEEEEING.
  1895 | D:3      | 1895 ||| FLEEEEING.
  1896 | D:3      | 1896 ||| FLEEEEING.
  1897 | D:3      | 1897 ||| FLEEEEING.
  1898 | D:3      | 1898 ||| FLEEEEING.
  1899 | D:3      | 1899 ||| FLEEEEING.
  1900 | D:3      | 1900 ||| FLEEEEING.
  1901 | D:3      | 1901 ||| STAIRDANCE
  2012 | D:2      | 2012 ||| READING scroll labelled JUN SAUGGENK.
  2015 | D:3      | 2015 ||| STAIRDANCE
  2434 | D:3      | Noticed an angel
  2435 | D:3      | Found a glowing silver altar of Zin.
  2438 | D:3      | 2438 ||| UPGRADING to +1 cloak.
  2443 | D:3      | 2443 ||| READING scroll labelled PAOKIR SYPO.
  2504 | D:4      | Noticed a phantom
  2513 | D:4      | Killed a phantom
  2514 | D:4      | Reached skill level 6 in Ranged Weapons
  2514 | D:4      | Reached XP level 6. HP: 51/51 MP: 6/6
  2633 | D:4      | Found a snail-covered altar of Cheibriados.
  2661 | D:4      | 2661 ||| STAIRDANCE
  2908 | D:4      | Found a transporter.
  2909 | D:4      | Found a transporter.
  2909 | D:4      | Noticed qw's ghost (amateur MiHs)
  2910 | D:4      | Identified the +7 great mace of Terra Nullius {vamp, Will+}
  2995 | D:4      | 2995 ||| READING 2 scrolls of identify.
  2995 | D:4      | 2995 ||| IDENTIFYING coppery potion
  2996 | D:4      | 2996 ||| DROPPING potion of degeneration.
  3002 | D:4      | Found a staircase to the Ecumenical Temple.
  3003 | D:4      | 3003 ||| PLANNING TEMPLE
  3013 | Temple   | Entered the Ecumenical Temple
  3045 | Temple   | 3045 ||| PLANNING OKAWARU WORSHIP
  3167 | Temple   | Became a worshipper of Warmaster Okawaru
  3168 | Temple   | 3168 ||| PLANNING D:1-11
  3194 | D:4      | 3194 ||| STAIRDANCE
  3290 | D:4      | HP: 12/52 [frozen (2)]
  3291 | D:4      | 3291 ||| READING scroll of teleportation.
  3537 | D:4      | 3537 ||| READING scroll of enchant weapon.
  3537 | D:4      | 3537 ||| ENCHANTING +1 orcbow.
  3569 | D:4      | Noticed Grinder
  3573 | D:4      | Killed Grinder
  3573 | D:4      | Reached * piety under Okawaru
  3574 | D:4      | Reached skill level 7 in Ranged Weapons
  3574 | D:4      | Reached XP level 7. HP: 53/60 MP: 7/7
  3693 | D:4      | 3693 ||| INVOKING Heroism.
  3698 | D:4      | Reached skill level 1 in Invocations
  3743 | D:5      | Entered Level 5 of the Dungeon
  3744 | D:5      | 3744 ||| INVOKING Heroism.
  3764 | D:5      | 3764 ||| STAIRDANCE
  3797 | D:5      | Noticed a vampire mosquito
  3798 | D:5      | Noticed a vampire mosquito
  3800 | D:5      | Noticed a vampire mosquito
  3800 | D:5      | Noticed a vampire mosquito
  3802 | D:5      | 3802 ||| Stepping ~*~*~tactically~*~*~ (outnumbered).
  3807 | D:5      | 3807 ||| INVOKING Heroism.
  3810 | D:5      | Killed a vampire mosquito
  3811 | D:5      | Reached skill level 8 in Ranged Weapons
  3814 | D:5      | Killed a vampire mosquito
  3815 | D:5      | Reached skill level 3 in Invocations
  3815 | D:5      | Reached XP level 8. HP: 18/68 MP: 5/9
  3816 | D:5      | HP: 17/68 [vampire mosquito (2)]
  3819 | D:5      | HP: 6/68 [vampire mosquito (6)]
  3819 | D:5      | HP: 2/68 [gnoll/+0 spear (4)]
  3820 | D:5      | Reached ** piety under Okawaru
  3822 | D:5      | 3822 ||| INVOKING Heroism.
  3823 | D:5      | Slain by a gnoll

Levels and vault maps discovered:
D:1:      reono_arrival_mine, layout_basic, serial_shops, shop_fountains,
          minmay_domino_2
D:2:      minmay_razor_zed, layout_rooms, basic_altar,
          shapermc_ecumenical_altar_mp_urbaneastern, dreamdust_princess_bridge,
          dk_vineyard_1
D:3:      minmay_recursive_quarters, layout_basic, zin_angel,
          evilmike_ruin_ashenzari, nicolae_concentric_dashed_squares_mild
D:4:      layout_loops_cross, slow_altar_2, minmay_temple_entry_steel_oval,
          gammafunk_ghost_smash, amcnicky_mini_pool_small, uniq_grinder
D:5:      layout_rooms
Temple:   hellmonk_temple_forest_ring

Skill      XL: |  1  2  3  4  5  6  7 |
---------------+----------------------+-----
Ranged Weapons | 3 4 5 6 7 8 |  8.3
Fighting       | 2 3 4 5 |  5.3
Armour         | 1 2 |  2.1
Invocations    | 3 |  3.8
Dodging        | |  2.1
Spellcasting   | |  1.0
Hexes          | |  2.0

Action                     |  1- 3 |  4- 6 |  7- 9 || total
---------------------------+-------+-------+-------++-------
   Fire: Sling             |    47 |       |       ||    47
         Orcbow            |    44 |   160 |    35 ||   239
 Invoke: Heroism           |       |       |     4 ||     4
    Use: Scroll            |     8 |     5 |       ||    13
         Potion            |     2 |       |       ||     2
 Armour: Robe              |     7 |       |       ||     7
         Ring mail         |     3 |    58 |    12 ||    73
  Dodge: Dodged            |    26 |    92 |    33 ||   151

Table legend:
 A = Non-vault XP
 B = Vault XP
 C = Vault XP percentage of total XP
 D = Non-vault monster count
 E = Vault monster count
 F = Vault count percentage of total count
                 A         B        C        D         E       F
            +---------+---------+-------+---------+---------+-------
      Total |    1521 |     308 |  16.8 |      69 |      19 |  21.6
            +---------+---------+-------+---------+---------+-------
        D:1 |      22 |       1 |   4.3 |      13 |       1 |   7.1
        D:2 |      12 |      31 |  72.1 |       6 |      11 |  64.7
        D:3 |     179 |      13 |   6.8 |      22 |       5 |  18.5
        D:4 |     468 |     263 |  36.0 |      22 |       2 |   8.3
        D:5 |     840 |       0 |   0.0 |       6 |       0 |   0.0
            +---------+---------+-------+---------+---------+-------
